 Dungeon Crawl Stone Soup version 0.23-a0-79-gaa8cc03 (webtiles) character file.

18 Amnesiac the Gusty (level 2, 0/19 HPs)
             Began as a Mummy Air Elementalist on Aug 11, 2018.
             Slain by an adder (5 damage)
             ... on level 3 of the Dungeon.
             The game lasted 00:02:23 (395 turns).

Amnesiac the Gusty (Mummy Air Elementalist)          Turns: 395, Time: 00:02:23

Health: 0/19       AC:  3    Str: 11    XL:     2   Next: 51%
Magic:  0/6        EV: 11    Int: 14    God:
Gold:   15         SH:  0    Dex: 12    Spells: 6/7 levels left

rFire    . . .     SeeInvis .   e - +0 spear
rCold    + . .     Gourm    .   (no shield)
rNeg     + + +     Faith    .   d - +0 leather armour {rF+}
rPois    ∞         Spirit   .   (no helmet)
rElec    .         Reflect  .   (no cloak)
rCorr    .         Harm     .   (no gloves)
MR       .....                  (no boots)
Stlth    +.........             (no amulet)
HPRegen  0.06/turn              (no ring)
MPRegen  0.10/turn              (no ring)

@: no status effects
A: no food or potions, fire vulnerability, cold resistance 1, negative energy
resistance 3, torment resistance, unbreathing
a: no special abilities


You were on level 3 of the Dungeon.
You were not hungry.

You visited 1 branch of the dungeon, and saw 3 of its levels.

You collected 15 gold pieces.

Inventory:

Hand Weapons
 e - a +0 spear (weapon)
Armour
 a - a +0 robe
 d - a +0 leather armour of fire resistance (worn)
Scrolls
 b - a scroll of fog {!r, unknown}
 c - a scroll of amnesia {!r, unknown}
 f - a scroll of remove curse {!r, unknown}


   Skills:
 - Level 1.5 Dodging
 - Level 1.5 Stealth
 + Level 3.0 Spellcasting
 - Level 0.7 Conjurations
 * Level 3.1 Air Magic


You had 6 spell levels left.
You knew the following spells:

 Your Spells              Type           Power        Failure   Level  Hunger
a - Shock                 Conj/Air       #...         13%         1    N/A

Your spell library contained the following spells:

 Spells                   Type           Power        Failure   Level  Hunger
 Lightning Bolt           Conj/Air       #.........   98%         5    N/A
 Swiftness                Chrm/Air       #.......     22%         2    N/A
 Airstrike                Air            ##........   61%         4    N/A
 Static Discharge         Conj/Air       #.......     36%         3    N/A

Dungeon Overview and Level Annotations

Branches:
Dungeon (3/15)

Altars:
Uskayaw


Innate Abilities, Weirdness & Mutations

You do not eat or drink.
Your flesh is vulnerable to fire.
You are immune to poison.
Your flesh is cold resistant. (rC+)
You are immune to negative energy. (rN+++)
You are immune to unholy pain and torment.
You can survive without breathing.


Message History

Casting: Shock (safe; 13% risk of failure)
Confirm with . or Enter, or press ? or * to list all spells.
You don't have enough magic to cast that spell.
You barely miss the giant cockroach.
The giant cockroach is heavily wounded.
An adder comes into view.
The giant cockroach bites you but does no damage.
You hit the giant cockroach.
You kill the giant cockroach!
Casting: Shock (safe; 13% risk of failure)
Confirm with . or Enter, or press ? or * to list all spells.
Aiming: Shock (safe; 13% risk of failure)
Press: ? - help, Shift-Dir - straight line The zap misses the adder.
The zap hits the adder.
The adder is moderately wounded.
The adder bites you. x2
You miss the adder.
The adder is moderately wounded.
The adder closely misses you.
You closely miss the adder.
The adder is moderately wounded.
The adder bites you but does no damage.
Casting: Shock (safe; 13% risk of failure)
Confirm with . or Enter, or press ? or * to list all spells.
You don't have enough magic to cast that spell.
The adder closely misses you.
You see here a leopard gecko corpse.
Casting: Shock (safe; 13% risk of failure)
Confirm with . or Enter, or press ? or * to list all spells.
You don't have enough magic to cast that spell.
Casting: Shock (safe; 13% risk of failure)
Confirm with . or Enter, or press ? or * to list all spells.
You don't have enough magic to cast that spell.
You hit the adder.
The adder is moderately wounded.
The adder bites you.
You barely miss the adder.
The adder is moderately wounded.
The adder barely misses you. The adder barely misses you. The adder bites you.
* * * LOW HITPOINT WARNING * * *
The adder closely misses you.
Casting: Shock (safe; 13% risk of failure)
Confirm with . or Enter, or press ? or * to list all spells.
You don't have enough magic to cast that spell.
Casting: Shock (safe; 13% risk of failure)
Confirm with . or Enter, or press ? or * to list all spells.
You don't have enough magic to cast that spell.
Casting: Shock (safe; 13% risk of failure)
Confirm with . or Enter, or press ? or * to list all spells.
You don't have enough magic to cast that spell.
The adder bites you.
* * * LOW HITPOINT WARNING * * *
You see here a leopard gecko corpse.
Casting: Shock (safe; 13% risk of failure)
Confirm with . or Enter, or press ? or * to list all spells.
Aiming: Shock (safe; 13% risk of failure)
Press: ? - help, Shift-Dir - straight line The zap hits the adder.
The adder is heavily wounded.
The zap misses the adder.
The zap hits the adder.
The adder is moderately wounded.
The adder barely misses you. The adder bites you.
You die...

... ## ...#.. #.. .... ..
.... .. ##.# ..#
...##.... #.## ..#......
####..####.#.
........###SS†.........
...........)@##.).......
...........#####.........
.%.......).....#.........
...........###.....#..###
..........## ####....#
...........# ##....
.........[.# .....
.#.......# .... #...<..##


You could see 2 adders.

Vanquished Creatures
  A dart slug (D:1)
  A leopard gecko (D:3)
  A giant cockroach (D:3)
  5 hobgoblins
  A kobold (D:2)
  3 bats (D:1)
  A frilled lizard (D:2)
  A goblin (D:3)
  A rat (D:2)
15 creatures vanquished.

Notes
Turn   | Place    | Note
-------+----------+-------------------------------------------
     0 | D:1      | Amnesiac the Mummy Air Elementalist began the quest for the Orb.
     0 | D:1      | Reached XP level 1. HP: 13/13 MP: 4/4
   179 | D:2      | Reached XP level 2. HP: 14/19 MP: 1/5
   317 | D:2      | Found a hide-covered altar of Uskayaw.
   320 | D:2      | Noticed a dagger
   321 | D:2      | Noticed a hand axe
   395 | D:3      | Slain by an adder

Vault maps used:
D:1:      eino_arrival_tree_alley
D:2:      chequers_temple_overflow_statue_of_worship, dancing_weapons_uskayaw,
          minmay_pentomino_s4
D:3:      lemuel_zombie_altar_yredelemnul, chequers_ecumenical_altar_island

Skill      XL: |  1  2 |
---------------+-------+-----
Air Magic      | 3 |  3.1
Spellcasting   | 3 |  3.0
Dodging        | |  1.5
Stealth        | |  1.5
Conjurations   | |  0.7

Action                   || total
-------------------------++-------
Melee: Unarmed           ||    12
       Spear             ||    18
 Cast: Shock             ||    26
Armor: Robe              ||     4
       Leather armour    ||     7
Dodge: Dodged            ||    29

Table legend:
 A = Non-vault XP
 B = Vault XP
 C = Vault XP percentage of total XP
 D = Non-vault monster count
 E = Vault monster count
 F = Vault count percentage of total count
 G = Total turns spent on level
                 A         B        C        D         E       F
            +---------+---------+-------+---------+---------+-------
      Total |      25 |       2 |   7.4 |      14 |       1 |   6.7
            +---------+---------+-------+---------+---------+-------
        D:1 |       9 |       0 |   0.0 |       5 |       0 |   0.0
        D:2 |       4 |       2 |  33.3 |       3 |       1 |  25.0
        D:3 |      12 |       0 |   0.0 |       6 |       0 |   0.0
            +---------+---------+-------+---------+---------+-------
